 Dungeon Crawl Stone Soup version 0.31.0-12-g77e489cdc1 (webtiles) character file.

Game seed: 11618722871840336782

101 BigDaddyOpFi the Trooper (level 4, -4/33 HPs)
             Began as an Octopode Fighter on Feb 29, 2024.
             Killed by divine providence
             ... invoked by an orc priest
              (13 damage)
             ... on level 3 of the Dungeon.
             The game lasted 00:04:02 (2023 turns).

BigDaddyOpFi the Trooper (Octopode Fighter)         Turns: 2023, Time: 00:04:03

Health: -4/33      AC:  1    Str: 15    XL:     4   Next: 75%
Magic:  4/4        EV: 13    Int: 10    God:
Gold:   134        SH:  5    Dex: 13    Spells: 3/3 levels left

rFire   . . .        a - +0 war axe
rCold   . . .        b - +0 buckler
rNeg    . . .        (helmet restricted)
rPois   .            (no amulet)
rElec   .            (no ring)
rCorr   .            (no ring)
SInv    .            (no ring)
Will    .....        (no ring)
Stlth   ++           (no ring)
HPRegen 0.25/turn    (no ring)
MPRegen 0.09/turn    (no ring)
                     (no ring)

%: no passive effects
@: no status effects
A: almost no armour, amphibious, 8 rings, camouflage 1, gelatinous body 1,
(nimble swimmer 1), tentacles
a: no special abilities


You were on level 3 of the Dungeon.
You visited 1 branch of the dungeon, and saw 3 of its levels.

You collected 134 gold pieces.

Inventory:

Hand Weapons
 a - a +0 war axe (weapon)
Armour
 b - a +0 buckler (worn)
Wands
 d - a wand of acid (10)
Scrolls
 e - 2 scrolls of identify
 g - 2 scrolls of teleportation
Potions
 c - a potion of enlightenment
 h - 2 potions of lignification
 j - a potion of attraction


   Skills:
 + Level 3.7 Fighting
 + Level 2.9 Axes
 + Level 3.6 Dodging
 + Level 3.7 Shields


You had 3 spell levels left.
You didn't know any spells.
Your spell library contained the following spells:

 Spells                   Type           Power      Damage    Failure   Level
 Hailstorm                Conj/Ice       0%         3d5       83%         3
 Summon Ice Beast         Ice/Summ       0%         N/A       83%         3
 Sculpt Simulacrum        Ice/Alch       0%         N/A       100%        6


Dungeon Overview and Level Annotations

Branches:
Dungeon (3/15)

Altars:

Shops:
D:1 (   D:2 :


Innate Abilities, Weirdness & Mutations

You cannot wear most types of armour.
You are amphibious.
You can wear up to eight rings at the same time.
Your skin changes colour to match your surroundings (Stealth+).
Your rubbery body absorbs attacks. (AC +1, EV +1)
((You are camouflaged when in or above water. (Stealth+)))
You have tentacles for arms and can constrict up to eight enemies at once.


Message History

No target in view!
No target in view!
No target in view!
No target in view!
No target in view!
No target in view!
No target in view!
You see here a hobgoblin corpse.
An endoplasm comes into view.
Found a stone staircase leading down.
An endoplasm is nearby!
An endoplasm is nearby!
An endoplasm is nearby!
An orc and an orc priest come into view.
The orc priest invokes the aid of Beogh against you.
Beogh smites you!
You hear a shout!
You hear a shout! x2
The endoplasm freezes you.
You are frozen.
You are too injured to fight recklessly!
You are too injured to fight recklessly!
You are too injured to fight recklessly!
You are too injured to fight recklessly!
You are too injured to fight recklessly!
You are too injured to fight recklessly!
You are too injured to fight recklessly!
You are too injured to fight recklessly!
Unknown command.
An orc comes into view. It is wielding a +0 short sword.
The endoplasm attacks as it pursues you!
The endoplasm hits you.
The orc moves out of view.
The endoplasm attacks as it pursues you!
The endoplasm hits you.
The endoplasm attacks as it pursues you!
The endoplasm hits you.
* * * LOW HITPOINT WARNING * * *
The orc priest mumbles some strange prayers to Beogh against you.
Beogh smites you!
You die...

>. .. ........
# #. o#
####....
#.##.##o#
........
#.......#
########
####.o.## #
###.# ## #.#
##. #J# ##..
###@# ##...
#...# #.#..
#.### ##...
#.# ##.. #.#
##. #.# #. #.#
#.
#.############
####.
#........##..
..##.


You could see an orc priest, 2 orcs and an endoplasm.

Vanquished Creatures
  Jessica (D:2)
  Robin (D:2)
  An adder (D:3)
  4 dart slugs
  2 ball pythons
  5 endoplasms (D:1)
  A giant cockroach (D:1)
  9 goblins
  5 hobgoblins
  2 jackals (D:1)
  4 bats
  3 frilled lizards
  2 kobolds (D:1)
  8 rats
48 creatures vanquished.

Notes
Turn   | Place    | Note
-------+----------+-------------------------------------------
     0 | D:1      | BigDaddyOpFi the Octopode Fighter began the quest for the
                  | Orb.
     0 | D:1      | Reached XP level 1. HP: 16/16 MP: 1/1
    95 | D:1      | Reached XP level 2. HP: 17/21 MP: 2/2
   439 | D:1      | Found Saqeduol's Antique Weapon Shop.
   525 | D:1      | Reached XP level 3. HP: 26/26 MP: 3/3
   568 | D:1      | Found a faded altar of an unknown god.
  1231 | D:2      | Found Qikucupo's Book Emporium.
  1356 | D:2      | Noticed Robin
  1397 | D:2      | Killed Robin
  1398 | D:2      | Reached XP level 4. HP: 3/31 MP: 4/4
  1595 | D:2      | Noticed Jessica
  1603 | D:2      | Killed Jessica
  2023 | D:3      | Killed from afar by an orc priest

Illustrated notes

Levels and vault maps discovered:
D:1:      reono_arrival_mine, layout_basic, serial_shops,
          nicolae_shop_behind_doors, ebering_ecumenical_altar_petrified,
          dk_noncrumbling_4, minivault_14, supply_closet_lemuel
D:2:      layout_loops_ring, serial_shops, nicolae_book_shop_shelving,
          uniq_robin, uniq_jessica
D:3:      layout_loops_cross, grunt_temple_overflow_order_and_chaos_2,
          xom_confusion_cloud

Action                     |  1- 3 |  4- 6 || total
---------------------------+-------+-------++-------
  Melee: War axe           |    55 |    19 ||    74
         Constrict         |    15 |     7 ||    22
         Tentacles         |     7 |     2 ||     9
         Punch             |       |     1 ||     1
    Use: Potion            |     2 |       ||     2
         Scroll            |     8 |       ||     8
   Stab: Sleeping          |     9 |     3 ||    12
 Armour: Skin              |    55 |     9 ||    64
  Dodge: Dodged            |    32 |     9 ||    41
  Block: Buckler           |    16 |     4 ||    20
